 Dungeon Crawl Stone Soup version 0.28-a0-706-gf6f64a616a (webtiles) character file.

Game seed: 17014521799343850055

112 marklar909 the Skirmisher (level 4, -2/38 HPs)
             Began as a Palentonga Fighter on Oct 25, 2021.
             Succumbed to Ijyb's poison
             ... on level 3 of the Dungeon.
             The game lasted 00:02:32 (1887 turns).

marklar909 the Skirmisher (Palentonga Fighter)      Turns: 1887, Time: 00:02:33

Health: -2/38      AC: 10    Str: 20    XL:     4   Next: 64%
Magic:  4/4        EV:  7    Int:  8    God:
Gold:   81         SH:  4    Dex: 10    Spells: 3/3 levels left

rFire   . . .      SeeInvis +   a - +0 flail
rCold   . . .      Faith    .   c - +0 buckler
rNeg    . . .      Spirit   .   b - +1 scale mail
rPois   .          Reflect  .   i - +1 helmet
rElec   .          Harm     .   (no cloak)
rCorr   .          Rampage  .   (no gloves)
Will    .....                   (no barding)
Stlth   ..........              (no amulet)
HPRegen 0.12/turn               (no ring)
MPRegen 0.09/turn               (no ring)

@: lethally poisoned (-2 -> -17)
A: large, rugged brown scales 3, see invisible, deformed body, roll 1, armoured
tail
a: Rolling Charge


You were on level 3 of the Dungeon.
You visited 1 branch of the dungeon, and saw 3 of its levels.

You collected 81 gold pieces.

Inventory:

Hand Weapons
 a - a +0 flail (weapon)
Missiles
 h - 63 stones (quivered)
Armour
 b - a +1 scale mail (worn)
 c - a +0 buckler (worn)
 i - a +1 helmet (worn)
Jewellery
 n - a ring of flight
Scrolls
 g - a scroll of noise
 o - a scroll of teleportation {unknown}
Potions
 d - a potion of might
 l - a potion of heal wounds {unknown}


   Skills:
 + Level 3.6 Fighting
 + Level 3.3 Maces & Flails
 + Level 3.2 Armour
 + Level 0.3 Dodging
 + Level 2.6 Shields


You had 3 spell levels left.
You didn't know any spells.
Your spell library was empty.

Dungeon Overview and Level Annotations

Branches:
Dungeon (3/15)

Altars:

Shops:
D:1 *

Annotations:
D:3 Ijyb


Innate Abilities, Weirdness & Mutations

You are completely covered in rugged brown scales. (AC +3, +7% HP)
You have supernaturally acute eyesight. (SInv)
Armour fits poorly on your strangely shaped body.
You can roll at nearby foes to attack.
You have a long armoured tail.


Message History

You block the rat's attack.
You closely miss Ijyb.
Ijyb is moderately wounded.
You feel sick. Ijyb hits you but does no damage.
You are more poisoned.
The rat bites you but does no damage.
Unknown command.
You aren't carrying any items that you can evoke.
Unknown command.
As you read the scroll labelled KEASIQ LIEPH, it crumbles to dust.
You hear a loud clanging noise!
It was a scroll of noise.
You feel sick.
You hear a shout!
You hear a bark! x4
Ijyb barely misses you. The rat barely misses you.
As you read the scroll labelled VODWACL LOUNEW, it crumbles to dust.
It is a scroll of identify.
j - a potion of curing You feel sick.
You block Ijyb's attack. The rat bites you.
Okay, then.
You feel better. Ijyb hits you but does no damage.
You are poisoned.
The rat barely misses you.
As you read the scroll labelled GUDDOUFR BICI, it crumbles to dust.
Your body is wracked with pain!
Ijyb convulses!
It was a scroll of torment.
* * * LOW HITPOINT WARNING * * *
You feel very sick.
Ijyb screams, "Me very upset!"
Ijyb hits you but does no damage.
You are lethally poisoned!
You block the rat's attack.
As you read the scroll labelled KEERRATAHA, it crumbles to dust.
It is a scroll of enchant armour.
Your +0 scale mail glows green for a moment.
* * * LOW HITPOINT WARNING * * *
You feel very sick.
Ijyb hits you with a +3 dagger of venom.
* * * LOW HITPOINT WARNING * * *
The rat barely misses you.
It was a potion of cancellation.
You feel magically purged.
You die...

#. ..... #.#
#..........#
..###..........# ..#
....!.....####
#.##.#.......#....
#######....##...........
..........##............
###.^.##..##.....g......
###.......#....@r......
#...###................
##)### #...#.$..........
#..# #.#..............
...#####.....#.....#....
.......#..##..##########
#)........ .#..
...####...#.##..
............ ...


You could see Ijyb and a rat.

Vanquished Creatures
  4 adders
  2 dart slugs (D:1)
  5 orcs (D:3)
  5 ball pythons
  2 endoplasms
  2 giant cockroaches (D:1)
  6 goblins
  6 hobgoblins
  10 jackals
  3 quokkas
  6 bats
  4 kobolds
  4 rats
59 creatures vanquished.

Notes
Turn   | Place    | Note
-------+----------+-------------------------------------------
     0 | D:1      | marklar909 the Palentonga Fighter began the quest for the
                  | Orb.
     0 | D:1      | Reached XP level 1. HP: 19/19 MP: 1/1
   261 | D:1      | Reached XP level 2. HP: 25/25 MP: 2/2
   269 | D:1      | Found Apue's General Store.
   548 | D:1      | Reached XP level 3. HP: 29/31 MP: 3/3
  1240 | D:2      | You fall into a shaft and drop 1 floor!
  1321 | D:3      | Reached XP level 4. HP: 19/37 MP: 4/4
  1874 | D:3      | Noticed Ijyb
  1886 | D:3      | HP: 1/38 [Ijyb (5)]
  1887 | D:3      | Succumbed to Ijyb's poison

Illustrated notes

Levels and vault maps discovered:
D:1:      scummos_arrival_simple_crosswalls, layout_loops_cross, serial_shops,
          nicolae_shop_trees, fountainhead
D:2:      layout_rooms, serial_shops, nicolae_shop_behind_doors, uniq_robin
D:3:      layout_rooms, uniq_ijyb

Skill      XL: |  1  2  3  4 |
---------------+-------------+-----
Armour         | 3 |  3.2
Maces & Flails | 3 |  3.3
Fighting       | |  3.6
Dodging        | |  0.3
Shields        | |  2.6

Action                   |  1- 3 |  4- 6 || total
-------------------------+-------+-------++-------
Melee: Flail             |   121 |    64 ||   185
       Tailslap          |     6 |     3 ||     9
Throw: Stone             |     5 |     4 ||     9
  Use: Scroll            |       |     4 ||     4
       Potion            |       |     2 ||     2
Armor: Scale mail        |    98 |    46 ||   144
Dodge: Dodged            |    64 |    18 ||    82
Block: Buckler           |    27 |    18 ||    45

Table legend: (Time is in decaauts)
 A = Elapsed time spent in this place.
 B = Non-inter-level travel time spent in this place.
 C = Inter-level travel time spent in this place.
 D = Time resting spent in this place.
 E = Time spent auto-exploring this place.
 F = Levels seen in this place.
 G = Mean time per level.
                   A        B        C        D        E       F      G
               +--------+--------+--------+--------+--------+-----+--------+
         Total |   1940 |   1886 |     54 |    521 |    941 |   3 |  646.7 |
       Dungeon |   1940 |   1886 |     54 |    521 |    941 |   3 |  646.7 |
               +--------+--------+--------+--------+--------+-----+--------+

Top non-repeatable levels by time:
     D:1: 1157 daAuts
     D:3: 671 daAuts
     D:2: 110 daAuts
